 Dungeon Crawl Stone Soup version 0.27.1-34-g3ba077fa99 (webtiles) character file.

Game seed: 14537958207581666186

2282476 strmdvr the Conqueror (level 27, 216/243 HPs)
             Began as a Djinni Fire Elementalist on Jan 17, 2022.
             Was the Champion of Makhleb.
             Escaped with the Orb
             ... and 4 runes!
             The game lasted 05:50:39 (77547 turns).

strmdvr the Conqueror (Djinni Fire Elementalist)   Turns: 77547, Time: 05:50:40

Health: 216/243    AC: 24    Str: 12    XL:     27
Gold:   1458       EV: 12    Int: 38    God:    Makhleb [******] SH: 11 Dex: 16

rFire    + + +     SeeInvis +   a - staff of cold
rCold    . . .     Faith    .   X - +3 buckler {reflect}
rNeg     . . .     Spirit   .   y - quicksilver dragon scales
rPois    ∞         Reflect  +   l - +2 helmet
rElec    +         Harm     .   j - +2 cloak {Will+}
rCorr    .         Rampage  .   Y - +0 pair of gloves of Hide-and-Seek {Drain rF+++ Str+4 SInv}
Will     +++++                  (boots unavailable)
Stlth    +.........             P - amulet of Vitality {Regen+ HP+15}
HPRegen  1.50/turn              q - +6 ring of intelligence
MPRegen  0.00/turn              N - ring of Mistrust {rElec rF- Will+++ Str-3 Int+6}

@: flying, studying 3 skills
A: sickness immunity, fire resistance 2, cold vulnerability 1, float, innate
caster, hp casting, extra vitality 1, deterioration 2, strong 1, MP-powered
wands, sturdy frame 1
0: Orb of Zot
}: 4/15 runes: serpentine, barnacled, slimy, silver
a: Renounce Religion, Minor Destruction, Lesser Servant of Makhleb, Major
Destruction, Greater Servant of Makhleb


You escaped.
You worshipped Makhleb.
Makhleb was exalted by your worship.
You visited 10 branches of the dungeon, and saw 54 of its levels.
You also visited: Ice Cave.

You collected 8427 gold pieces.
You spent 6969 gold pieces at shops.

Inventory:

Hand Weapons
 c - a +3 eveningstar
 i - the +7 sceptre of Torment {pain, torment}
   (You bought it in a shop on level 2 of the Orcish Mines)

   In the hands of one skilled in necromantic magic, it inflicts extra damage on
   living creatures.
   It occasionally torments all nearby living foes when it strikes in combat.
 U - a +0 vorpal hand crossbow
Missiles
 z - 1510 bolts
Armour
 d - the +4 moon troll leather armour {Spirit, Regen++ MP+5}
   (You bought it in a shop on level 1 of the Dungeon)

   MP:        It affects your magic capacity (+5).
   Regen:     It increases your rate of health regeneration.
 j - a +2 cloak of willpower (worn)
 l - a +2 helmet (worn)
 y - quicksilver dragon scales (worn)
 K - the +11 chain mail of Curiosity {Fly rF+ rC++ Int-2}
   (You found it on level 5 of the Lair of Beasts)

   Int:       It affects your intelligence (-2).
   rF:        It protects you from fire.
   rC:        It greatly protects you from cold.
   Fly:       It grants you flight.
 X - a +3 buckler of reflection (worn)
 Y - the +0 pair of gloves of Hide-and-Seek (worn) {Drain rF+++ Str+4 SInv}
   (You found it in an ice cave)

   Str:       It affects your strength (+4).
   rF:        It renders you almost immune to fire.
   SInv:      It lets you see invisible.
   Drain:     It drains your maximum health when unequipped.
Magical Staves
 a - a staff of cold (weapon)
 k - a staff of conjuration
 C - a staff of fire
 O - a staff of earth
Jewellery
 q - a +6 ring of intelligence (left hand)
 v - a ring of wizardry
 N - the ring of Mistrust (right hand) {rElec rF- Will+++ Str-3 Int+6}
   (You bought it in a shop on level 2 of the Depths)

   [ring of intelligence]

   Str:       It affects your strength (-3).
   Int:       It affects your intelligence (+6).
   rF:        It makes you vulnerable to fire.
   rElec:     It insulates you from electricity.
   Will:      It greatly increases your willpower.
 P - the amulet of Vitality (around neck) {Regen+ HP+15}
   (You found it on level 6 of the Lair of Beasts)

   [amulet of regeneration]

   HP:        It affects your health (+15).
   Regen:     It increases your rate of health regeneration.
Wands
 f - a wand of digging (46)
 u - a wand of acid (63)
 G - a wand of iceblast (44)
Scrolls
 e - 11 scrolls of enchant weapon
 w - 10 scrolls of fog
 x - 16 scrolls of teleportation
 B - 33 scrolls of identify
 D - 3 scrolls of fear
 L - 2 scrolls of holy word
 M - a scroll of silence
 R - 9 scrolls of enchant armour
Potions
 b - a potion of invisibility
 h - 3 potions of berserk rage
 m - 8 potions of brilliance
 n - 4 potions of mutation
 p - 4 potions of haste
 r - 2 potions of ambrosia
 s - 27 potions of curing
 A - 10 potions of might
 F - 4 potions of cancellation
 I - 8 potions of lignification
 J - 6 potions of resistance
Miscellaneous
 Q - a lightning rod (4/4)
 S - a condenser vane
 T - a tin of tremorstones (2/2)
 Z - a phantom mirror


   Skills:
 O Level 27 Fighting
 + Level 15.1 Maces & Flails
 + Level 15.4 Armour
 - Level 2.1 Dodging
 - Level 1.5 Stealth
 - Level 15.0 Shields
 + Level 26.3 Spellcasting
 - Level 5.0 Evocations


You couldn't memorise any spells.
You knew the following spells:

 Your Spells              Type           Power      Damage    Failure   Level
a - Foxfire               Conj/Fire      100%       2x1d9     0%          1
b - Conjure Flame         Conj/Fire      100%       6-21      0%          3
c - Inner Flame           Hex/Fire       100%       N/A       0%          3
d - Sticky Flame          Conj/Fire      100%       2d11      0%          4
e - Fireball              Conj/Fire      64%        3d24      0%          5
f - Shock                 Conj/Air       100%       1d9       0%          1
g - Ice Form              Ice/Tmut       100%       N/A       0%          4
h - Searing Ray           Conj           100%       3d7       0%          2
i - Vampiric Draining     Necr           64%        2d15      0%          3
j - Static Discharge      Conj/Air       100%       N/A       0%          2
k - Lee's Rapid Deconstr  Erth           64%        3d30*     0%          5
l - Invisibility          Hex            64%        N/A       0%          6
m - Monstrous Menagerie   Summ           64%        N/A       0%          7
n - Malign Gateway        Summ/Tloc      64%        N/A       0%          7
o - Storm Form            Tmut/Air       64%        N/A       0%          7
p - Dragon Form           Tmut           64%        N/A       0%          7
q - Ignition              Fire           64%        3d17      1%          8
r - Polar Vortex          Ice            77%        N/A       1%          9
Your spell library was empty.

Dungeon Overview and Level Annotations

Branches:
Dungeon (15/15)            Temple (0/1) D:6            Lair (6/6) D:9
 Shoals (4/4) Lair:2        Snake (4/4) Lair:4        Slime (5/5) Lair:6
    Orc (2/2) D:10            Elf (3/3) Orc:2        Vaults (5/5) D:14
  Crypt (0/3) Vaults:2     Depths (5/5) D:15            Zot (5/5) Depths:5
  IceCv (visited)

Altars:
Ashenzari
Cheibriados
Dithmenos
Elyvilon
Hepliaklqana
Kikubaaqudgha
Makhleb
Qazlal
Uskayaw
Vehumet
Wu Jian
Xom
The Shining One
Beogh
Jiyva
Lugonu

Shops:
D:1 *   D:3 *   D:11 [   D:12 !   D:14 :   Orc:2 !=!(   Shoals:1 *   Snake:1 *
Snake:2 [!*   Vaults:1 [   Vaults:3 (   Vaults:4 ?   Depths:2 ::=?
Depths:4 ([(

Portals:
Hell: Depths:1 Depths:2 Depths:3 Depths:4 Depths:5
Abyss: Depths:1 Depths:4 Depths:5
Pandemonium: Depths:3
Ziggurat: Depths:1

Annotations:
Depths:2 1 runed translucent door
Zot:2 2 transporters, reasonance's ghost, legendary DsFi


Innate Abilities, Weirdness & Mutations

You are immune to sickness and miasma.
You are immune to poison.
Your flesh is very heat resistant. (rF++)
You are vulnerable to cold. (rC-)
You float through the air rather than walking.
You learn spells naturally, not from books.
Your magical power is your life essence.
You have superior vitality. (+4 HP)
Your body often deteriorates upon taking damage.
Your muscles are strong. (Str +2)
You expend health (3 HP) to strengthen your wands.
Your movements are slightly less encumbered by armour. (ER -2)


Message History

A rock wall.
This square is covered in magical glow.
You feel a surge of power!
The rock shatters into small pieces.
Aiming: Dig
Press: ? - help, Shift-Dir - straight line A rock wall.
This square is covered in magical glow.
You feel a surge of power!
The rock shatters into small pieces.
Aiming: Dig
Press: ? - help, Shift-Dir - straight line A rock wall.
This square is covered in magical glow.
You feel a surge of power!
The rock shatters into small pieces.
A large abomination comes into view.
You block the large abomination's attack.
There is a staircase leading out of the dungeon here.
Casting: Fireball (safe; 0% risk of failure)
Confirm with . or Enter, or press ? or * to list all spells.
You feel a surge of power!
A great freezing vortex appears around you.
The large abomination hits you but does no damage.
You destroy the large abomination!
Makhleb accepts your kill.
You feel better.
The winds around you start to calm down.
You start waiting.
The winds around you calm down.
An Ice Fiend comes into view.
Casting: Polar Vortex (mildly dangerous; 1% risk of failure)
Confirm with . or Enter, or press ? or * to list all spells.
You feel a surge of power!
A great freezing vortex appears around you.
The Ice Fiend misses you. The Ice Fiend claws you. The Ice Fiend freezes you!!!
The Ice Fiend misses you. The Ice Fiend closely misses you.
You kill the Ice Fiend!
Makhleb accepts your kill.
You feel better.
The winds around you start to calm down.
The winds around you calm down.
You have escaped!

....####...##.##.###.#..# #.#
....# #...##.'8.8'..#..# #.#
....# #...####.^.#..#..# #.#
##### #...####...##.#..######.##
#.....#≈...≈#.#...........
##....#≈...≈#.#...........
#########....#≈...≈#.#...........
..............≈...≈..............
##############≈.@.≈####.######.##
############ ##...## #.# #.##
...........# ##.## #.# #...
##########.# ##### #'# #### #.#
#.# ##∩##
##########.###.###############
...............##............#
##########.###.##............#
#.########.# #.##............#


There were no monsters in sight!

Vanquished Creatures
  Dissolution (Slime:3)
  the Royal Jelly (Slime:5)
  2 dread liches
  3 orbs of fire (Zot:5)
  9 ancient liches
  Vashnia (Snake:2)
  4 Killer Klowns
  Saint Roka (Depths:1)
  Bai Suzhen (Vaults:4)
  3 caustic shrikes
  7 golden dragons
  4 curse toes
  6 electric golems
  23 tentacled monstrosities
  The ghost of Ma1vorus the Executioner, an adept MiBe of Trog (Elf:3)
  30 Orb Guardians
  An Ice Fiend (D:1)
  5 liches
  9 quicksilver dragons
  5 deep elf blademasters
  14 titans
  14 acid blobs
  14 death cobs
  An ancient champion (Vaults:2)
  2 deep elf master archers (Elf:3)
  27 storm dragons
  8 sphinxes
  Kirke (D:14)
  A kraken (Shoals:1)
  9 tengu reavers
  6 draconian monks
  Roxanne (Shoals:4)
  11 shadow dragons
  Ilsuiw (Shoals:2)
  5 nagarajas
  3 iron dragons
  7 azure jellies
  6 fire giants
  21 vault wardens
  16 frost giants
  4 rockslimes (Slime:5)
  4 ghost moths
  9 draconian scorchers
  A cacodemon (Depths:4)
  3 deep elf elementalists
  11 deep elf sorcerers
  6 draconian knights
  A curse skull (Vaults:2)
  3 draconian stormcallers
  5 war gargoyles (Vaults:5)
  4 draconian shifters
  2 reapers
  A quicksilver ooze (shapeshifter) (Vaults:4)
  3 draconian annihilators
  12 quicksilver oozes
  22 ironbound preservers
  24 stone giants
  11 green draconians
  33 very ugly things
  8 vampire knights
  10 black draconians
  7 deep elf annihilators
  An entropy weaver (Vaults:5)
  4 deep elf demonologists
  19 spark wasps
  3 dire elephants (Vaults:1)
  11 yellow draconians
  11 purple draconians
  8 red draconians
  11 white draconians
  A bunyip (shapeshifter) (Depths:4)
  5 deep elf death magi (Elf:3)
  7 merfolk javelineers
  A blizzard demon (Depths:3)
  6 deep elf high priests
  15 ettins
  7 merfolk impalers
  A fire dragon (shapeshifter) (Depths:1)
  10 fire dragons
  7 rakshasas
  11 yaktaur captains
  Erolcha (D:10)
  31 vault guards
  16 naga warriors
  11 great orbs of eyes
  4 catoblepae
  7 boulder beetles
  2 merfolk avatars
  4 ogre magi (Orc:2)
  2 salamander tyrants (Snake:4)
  12 hydras
  A hell beast (Depths:2)
  3 spriggan air magi
  9 ice dragons
  Erica (D:10)
  7 ironbound thunderhulks
  20 centaur warriors
  11 anacondas
  4 merfolk aquamancers (Shoals:4)
  A spectral fire giant (Depths:2)
  7 ironbound frosthearts
  2 death knights
  An alligator snapping turtle (Shoals:4)
  7 satyrs (Shoals:4)
  5 tengu warriors
  8 deep troll earth magi
  5 two-headed ogres
  8 deep troll shamans
  11 death yaks
  4 spriggan berserkers
  2 vampire magi
  20 dancing weapons
  Urug (Lair:5)
  2 hell hogs
  15 naga sharpshooters
  2 soul eaters (Depths:2)
  A sun demon (Depths:1)
  3 hell knights (Depths:3)
  2 orc high priests
  Sonja (Lair:5)
  4 ironbound beastmasters
  Nergalle (Lair:1)
  4 shock serpents
  15 deep elf knights
  3 shadow wraiths
  A goliath frog (Lair:6)
  A salamander mystic (Snake:4)
  13 skeletal warriors
  15 iron trolls
  A golden dragon zombie (Depths:2)
  77 deep trolls
  8 wizards
  9 naga ritualists
  2 swamp dragons
  7 sea snakes
  An orange crystal statue (IceCv)
  2 shadow demons
  3 flayed ghosts
  A deep troll (shapeshifter) (Depths:4)
  14 deep elf archers
  5 glowing orange brains
  4 lindwurms
  6 phantasmal warriors
  20 deep elf zephyrmancers
  47 harpies
  19 ironbound convokers
  5 necromancers
  A stone giant zombie (Depths:2)
  A wolf spider zombie (D:15)
  76 ugly things
  A cyclops (shapeshifter) (Vaults:5)
  16 manticores
  15 orc sorcerers
  5 mana vipers
  20 deep elf pyromancers
  2 salamanders
  3 shining eyes
  4 cyclopes
  25 fauns
  An eye of devastation (Slime:4)
  20 moths of wrath
  A guardian serpent (shapeshifter) (Depths:4)
  10 elephants
  15 vault sentinels
  10 merfolk sirens
  An orange demon (Depths:4)
  4 guardian serpents
  2 smoke demons
  6 water nymphs
  A gargoyle (D:11)
  10 naga magi
  32 black mambas
  A torpor snail (Lair:5)
  17 cane toads
  A hellion (D:15)
  2 centaur skeletons (D:15)
  2 unseen horrors (D:12)
  19 rime drakes
  14 komodo dragons
  47 yaktaurs
  A freezing wraith (Vaults:4)
  An ice devil (Depths:3)
  5 tengu conjurers
  3 hellwings
  A red devil (D:15)
  26 merfolk
  16 polar bears (IceCv)
  9 trolls
  A polar bear (shapeshifter) (Elf:3)
  4 wind drakes
  2 merfolk (shapeshifter)
  75 slime creatures
  Grinder (D:6)
  2 tyrant leeches (Lair:6)
  A hornet (D:9)
  17 snapping turtles
  3 dream sheep (Lair:5)
  27 blink frogs
  A flying skull (Vaults:2)
  3 redbacks (shapeshifter)
  A vampire (D:9)
  3 ynoxinuls
  2 shadows
  4 wraiths
  Sigmund (D:2)
  19 water elementals
  A large abomination (D:1)
  4 air elementals
  Eustachio (D:4)
  A human (D:14)
  A nameless horror (Elf:1)
  36 yaks
  2 fire bats (Depths:1)
  12 golden eyes
  2 hogs (D:14)
  10 wyverns
  6 basilisks
  4 fire elementals
  Menkaure (D:4)
  12 vampire mosquitoes
  A chaos spawn (Depths:3)
  29 nagas
  A warg (shapeshifter) (D:14)
  An acid dragon (D:4)
  A human skeleton (Depths:2)
  18 water moccasins
  2 floating eyes
  A swamp drake (Lair:4)
  An ice beast (D:5)
  16 orc warriors
  A sky beast (D:6)
  5 black bears
  A hornet zombie (D:15)
  7 ogres
  12 wolves
  8 centaurs
  A phantom (D:6)
  The ghost of kentos9 the Firebug, an amateur DEFE (D:3)
  A kobold brigand (D:11)
  14 bullfrogs
  3 gnoll sergeants
  8 earth elementals
  A water moccasin zombie (D:6)
  A scorpion (D:9)
  A water moccasin skeleton (D:4)
  8 wights
  7 electric eels
  10 howler monkeys
  3 centaur zombies
  11 orc priests
  3 hounds
  2 jellies
  2 gnoll shamans
  Natasha (thrice) (D:3)
  2 iguanas
  36 orc wizards
  4 hell rats (Lair:1)
  A killer bee zombie (D:7)
  2 howler monkey zombies
  Robin (D:2)
  17 gnolls
  An adder (D:3)
  A shadow imp (D:8)
  2 white imps (D:6)
  2 ufetubi
  An adder skeleton (D:4)
  A worm (D:2)
  2 dart slugs
  66 orcs
  5 bats
  6 endoplasms
  6 giant cockroaches
  18 goblins
  11 hobgoblins
  4 jackals (D:3)
  5 quokkas
  7 ball pythons
  5 frilled lizards
  12 kobolds
  A quokka skeleton (D:4)
  9 rats
  A plant (Depths:2)
2271 creatures vanquished.

Vanquished Creatures (collateral kills)
  3 golden dragons
  A sphinx (Depths:2)
  A fire giant (Depths:2)
  An iron dragon (Depths:3)
  A very ugly thing (Depths:2)
  The ghost of Tuluheg the Brawler, a journeyman TrBe of Trog (D:13)
  An ironbound preserver (Vaults:3)
  A red draconian (Depths:5)
  A yellow draconian (Depths:5)
  A yaktaur captain (Vaults:3)
  A fire dragon (Depths:2)
  A rakshasa (Depths:3)
  2 salamander tyrants
  A naga warrior (Snake:1)
  An ironbound frostheart (Vaults:3)
  A centaur warrior (D:15)
  A nameless horror (Snake:4)
  A deep troll shaman (Depths:2)
  3 dancing weapons (Elf:2)
  2 sun demons
  A deep elf knight (Elf:2)
  A naga sharpshooter (Snake:4)
  A hell knight (Depths:5)
  6 salamander mystics
  A deep elf archer (Elf:3)
  2 deep trolls (Vaults:3)
  3 ugly things
  A deep elf zephyrmancer (Elf:3)
  A frost giant zombie (Depths:2)
  4 salamanders
  2 naga magi (Snake:4)
  A water nymph (Shoals:4)
  2 kobold demonologists (D:11)
  2 yaktaurs (Vaults:3)
  An efreet (D:15)
  A merfolk (Shoals:4)
  A water elemental (Elf:3)
  5 nagas (Snake:4)
  A centaur (Snake:4)
  A kobold brigand (D:11)
  A kobold (D:11)
  28 foxfires
93 creatures vanquished.

Vanquished Creatures (others)
  10 eldritch tentacles
  A dancing weapon (Elf:3)
  A naga mage (Snake:4)
  2 humans (D:14)
  A naga (Snake:4)
  2 gnolls (D:7)
  A bush (Lair:4)
  638 foxfires
  41 fungi
  331 plants
  4 tentacles (Shoals:1)
1032 creatures vanquished.

Grand Total: 3396 creatures vanquished

Notes
Turn   | Place    | Note
-------+----------+-------------------------------------------
     0 | D:1      | strmdvr the Djinni Fire Elementalist began the quest for
                  | the Orb.
     0 | D:1      | Reached XP level 1. HP: 15/15 MP: 0/0
    86 | D:1      | Found Ypput's General Store.
   469 | D:1      | Reached XP level 2. HP: 18/22 MP: 0/0
   544 | D:1      | Reached skill level 1 in Fighting
  1359 | D:1      | Reached XP level 3. HP: 25/27 MP: 0/0
  1359 | D:1      | Learned a level 1 spell: Shock
  2559 | D:2      | HP: 1/28 [dart slug/slug dart (3)]
  2889 | D:2      | Reached skill level 2 in Fighting
  3056 | D:2      | Reached XP level 4. HP: 28/33 MP: 0/0
  3058 | D:2      | Noticed Robin
  3075 | D:2      | Killed Robin
  3309 | D:2      | Noticed Sigmund
  3858 | D:2      | Killed Sigmund
  3859 | D:2      | Reached skill level 3 in Fighting
  3859 | D:2      | Reached XP level 5. HP: 36/40 MP: 0/0
  3859 | D:2      | Learned a level 2 spell: Static Discharge
  3859 | D:2      | Reached XP level 6. HP: 42/46 MP: 0/0
  4118 | D:3      | Found Beetocudiy's Assorted Antiques.
  4336 | D:3      | Found a faded altar of an unknown god.
  4666 | D:3      | Found a runed translucent gate.
  4666 | D:3      | Found a runed translucent gate.
  4669 | D:3      | Found a runed translucent gate.
  4671 | D:3      | Noticed kentos9's ghost (amateur DEFE)
  4820 | D:3      | Found a broken altar of Ashenzari.
  5002 | D:3      | Found a burning altar of Makhleb.
  5009 | D:3      | Became a worshipper of Makhleb the Destroyer
  5294 | D:3      | Noticed Natasha
  5302 | D:3      | Killed Natasha
  5622 | D:3      | Noticed Natasha
  5632 | D:3      | Killed Natasha
  5633 | D:3      | Reached skill level 4 in Fighting
  5971 | D:3      | Found a broken altar of Ashenzari.
  6044 | D:3      | Found Beetocudiy's Assorted Antiques.
  6085 | D:3      | Noticed Natasha
  6088 | D:3      | Killed Natasha
  6089 | D:3      | Reached XP level 7. HP: 44/52 MP: 0/0
  6089 | D:3      | Learned a level 2 spell: Searing Ray
  6199 | D:3      | Found a faded altar of an unknown god.
  6283 | D:3      | Found a burning altar of Makhleb.
  6924 | D:3      | Killed kentos9's ghost
  7028 | D:4      | Noticed Eustachio
  7373 | D:4      | Reached skill level 5 in Spellcasting
  8028 | D:4      | Noticed Menkaure
  8034 | D:4      | Killed Menkaure
  8035 | D:4      | Reached XP level 8. HP: 53/58 MP: 0/0
  8158 | D:4      | Killed Eustachio
  8440 | D:4      | Reached * piety under Makhleb
  9086 | D:5      | Entered Level 5 of the Dungeon
  9355 | D:5      | Found a white marble altar of Elyvilon.
  9781 | D:6      | Found a staircase to the Ecumenical Temple.
  9788 | D:6      | Reached XP level 9. HP: 61/62 MP: 0/0
  9788 | D:6      | Learned a level 3 spell: Vampiric Draining
  9943 | D:6      | Noticed Grinder
  9948 | D:6      | Killed Grinder
 10413 | D:6      | Found a snail-covered altar of Cheibriados.
 10691 | D:6      | Reached skill level 1 in Shields
 10747 | D:6      | Reached skill level 1 in Armour
 11074 | D:7      | Found a shadowy altar of Dithmenos.
 11084 | D:7      | Found a hazy altar of Hepliaklqana.
 11087 | D:7      | Found a stormy altar of Qazlal.
 11095 | D:7      | Reached ** piety under Makhleb
 11241 | D:7      | Found an ornate altar of the Wu Jian Council.
 11975 | D:8      | Reached XP level 10. HP: 45/69 MP: 0/0
 12231 | D:8      | Reached skill level 5 in Fighting
 12996 | D:8      | You are sucked into a shaft and drop 3 floors!
 12998 | D:11     | Noticed a cyclops
 13002 | D:11     | Killed a cyclops
 13080 | D:10     | Entered Level 10 of the Dungeon
 13105 | D:10     | Noticed Erolcha
 13115 | D:10     | Killed Erolcha
 13116 | D:10     | Reached skill level 6 in Fighting
 13477 | D:9      | Found a staircase to the Lair.
 13481 | D:9      | Reached skill level 7 in Fighting
 13481 | D:9      | Reached skill level 10 in Spellcasting
 13483 | D:9      | Reached XP level 11. HP: 60/79 MP: 0/0
 13483 | D:9      | Learned a level 4 spell: Ice Form
 13907 | D:9      | Reached *** piety under Makhleb
 13911 | D:9      | Reached skill level 8 in Fighting
 15439 | D:10     | Noticed Erica
 15446 | D:10     | Killed Erica
 15447 | D:10     | Reached skill level 9 in Fighting
 15742 | D:10     | Found a staircase to the Orcish Mines.
 16015 | Lair:1   | Entered Level 1 of the Lair of Beasts
 16045 | Lair:1   | Noticed a boulder beetle
 16050 | Lair:1   | Reached **** piety under Makhleb
 16058 | Lair:1   | Killed a boulder beetle
 16240 | Lair:1   | Noticed Nergalle
 16244 | Lair:1   | Killed Nergalle
 16245 | Lair:1   | Reached XP level 12. HP: 74/91 MP: 0/0
 16458 | Lair:1   | Reached skill level 10 in Fighting
 16532 | Lair:1   | Noticed a six-headed hydra
 16538 | Lair:1   | Killed a six-headed hydra
 16735 | Lair:1   | Noticed a five-headed hydra
 16740 | Lair:1   | Killed a five-headed hydra
 16746 | Lair:1   | Reached skill level 11 in Fighting
 17310 | Lair:2   | Reached ***** piety under Makhleb
 18411 | Lair:2   | Found a staircase to the Shoals.
 19093 | Lair:3   | Reached XP level 13. HP: 100/100 MP: 0/0
 19093 | Lair:3   | Learned a level 5 spell: Lee's Rapid Deconstruction
 19336 | Lair:3   | Noticed a six-headed hydra
 19340 | Lair:3   | Killed a six-headed hydra
 19341 | Lair:3   | Reached skill level 12 in Fighting
 20302 | Lair:4   | Found a staircase to the Snake Pit.
 20410 | Lair:4   | Noticed a six-headed hydra
 20414 | Lair:4   | Killed a six-headed hydra
 20669 | Lair:4   | Noticed a four-headed hydra
 20673 | Lair:4   | Killed a four-headed hydra
 21135 | Lair:5   | Noticed a catoblepas
 21147 | Lair:4   | Reached skill level 13 in Fighting
 21301 | Snake:1  | Entered Level 1 of the Snake Pit
 21301 | Snake:1  | Noticed an anaconda
 21301 | Snake:1  | Noticed an anaconda
 21329 | Lair:5   | Noticed an eight-headed hydra
 21329 | Lair:5   | Noticed a four-headed hydra
 21666 | Lair:5   | Noticed Urug
 22198 | Lair:5   | Killed Urug
 22255 | Lair:5   | Reached XP level 14. HP: 100/110 MP: 0/0
 22473 | Lair:5   | Noticed Sonja
 22476 | Lair:5   | Killed Sonja
 22798 | Lair:5   | Identified the +11 chain mail of Curiosity {Fly rF+ rC++
                  | Int-2}
 22868 | Lair:5   | Reached skill level 14 in Fighting
 23025 | Lair:6   | Entered Level 6 of the Lair of Beasts
 23298 | Lair:6   | Found a viscous altar of Jiyva.
 23300 | Lair:6   | Found a staircase to the Slime Pits.
 23422 | Lair:6   | Reached ****** piety under Makhleb
 23922 | Lair:6   | Found the amulet of Vitality {Regen+ HP+15}
 23951 | Lair:6   | Reached XP level 15. HP: 113/117 MP: 0/0
 23951 | Lair:6   | Learned a level 6 spell: Invisibility
 23979 | Lair:6   | Reached skill level 15 in Spellcasting
 24722 | Orc:1    | Entered Level 1 of the Orcish Mines
 24955 | Orc:2    | Entered Level 2 of the Orcish Mines
 25129 | Orc:2    | Found a staircase to the Elven Halls.
 25302 | Orc:2    | Found Nujam's Distillery.
 25347 | Orc:2    | Found Ameazey's Jewellery Shop.
 25363 | Orc:2    | Found Fit Ceaw's Distillery.
 25379 | Orc:2    | Bought a potion of heal wounds for 75 gold pieces
 25379 | Orc:2    | Bought a potion of heal wounds for 75 gold pieces
 25451 | Orc:2    | Found Neufowku's Antique Weapon Shop.
 26374 | Shoals:1 | Entered Level 1 of the Shoals
 26888 | Shoals:1 | Noticed a kraken
 26898 | Shoals:1 | Killed a kraken
 27158 | Shoals:1 | Found Geosh's Mayhem Merchandise.
 27163 | Shoals:1 | Reached skill level 1 in Evocations
 27168 | Shoals:1 | Reached skill level 5 in Armour
 27317 | Shoals:1 | Reached XP level 16. HP: 124/124 MP: 0/0
 27632 | Shoals:2 | Reached skill level 15 in Fighting
 28006 | Shoals:2 | Noticed Ilsuiw
 28013 | Shoals:2 | Killed Ilsuiw
 28019 | Shoals:2 | You are sucked into a shaft and drop 1 floor!
 28479 | Shoals:2 | Reached skill level 5 in Evocations
 29297 | Shoals:3 | Identified the +7 dagger of Shame {spect, Str+6}
 29342 | Shoals:4 | Entered Level 4 of the Shoals
 29493 | Shoals:4 | Reached XP level 17. HP: 133/133 MP: 0/0
 29493 | Shoals:4 | Learned a level 7 spell: Monstrous Menagerie
 29625 | Shoals:4 | Reached skill level 16 in Fighting
 30052 | Shoals:4 | Identified Roxanne's Reference Book on Earth
 30052 | Shoals:4 | Noticed Roxanne
 30186 | Shoals:4 | Killed Roxanne
 30351 | Shoals:4 | Identified the +2 long sword of the Little People {vorpal,
                  | rPois rF+ rN+}
 30666 | Shoals:4 | Got a barnacled rune of Zot
 31700 | D:11     | Reached skill level 17 in Fighting
 31860 | D:11     | Found Downueko's Armour Emporium.
 31863 | D:11     | Bought a +2 pair of gloves of strength for 301 gold pieces
 32038 | D:12     | Found Foten's Distillery.
 32769 | D:12     | Identified the +1 robe of Cima {rElec rF- rC++ MP+9}
 33057 | D:13     | Reached XP level 18. HP: 112/143 MP: 0/0
 33177 | D:13     | Noticed Tuluheg's ghost (journeyman TrBe)
 33178 | D:13     | Found a runed translucent door.
 33197 | D:13     | Killed Tuluheg's ghost
 33861 | D:14     | Found Nohyerob's Book Boutique.
 33913 | D:14     | Noticed Kirke
 33918 | D:14     | Killed Kirke
 34342 | D:14     | Found a gate to the Vaults.
 34548 | D:14     | Found a burning altar of Makhleb.
 34550 | D:14     | Found a hide-covered altar of Uskayaw.
 34552 | D:14     | Found an ornate altar of the Wu Jian Council.
 34552 | D:14     | Found a shimmering altar of Xom.
 34552 | D:14     | Found an ornate altar of the Wu Jian Council.
 34802 | D:15     | Entered Level 15 of the Dungeon
 34991 | D:15     | Found a frozen archway.
 35000 | IceCv    | Entered an ice cave
 35054 | IceCv    | Reached skill level 18 in Fighting
 35393 | IceCv    | Identified the +0 pair of gloves of Hide-and-Seek {Drain
                  | rF+++ Str+4 SInv}
 35399 | IceCv    | Identified the ring "Vysiesus" {Fly Will- MP+9 Str+8}
 36073 | D:15     | Reached XP level 19. HP: 150/150 MP: 0/0
 36073 | D:15     | Learned a level 7 spell: Malign Gateway
 36121 | D:15     | Paralysed by an orc sorcerer for 6 turns
 36213 | D:15     | Found a staircase to the Depths.
 36940 | Snake:1  | Found Boschejea's Neck Hole.
 36944 | Snake:1  | Bought a +2 cloak of willpower for 344 gold pieces
 37389 | Snake:2  | You are sucked into a shaft and drop 1 floor!
 37643 | Snake:2  | Noticed Vashnia
 37649 | Snake:2  | Killed Vashnia
 37983 | Snake:2  | Found Ostace's General Store.
 37985 | Snake:2  | Found Eseveit's Distillery.
 37987 | Snake:2  | Found Tobom's Armour Shop.
 38301 | Snake:3  | Reached skill level 19 in Fighting
 38724 | Snake:4  | Entered Level 4 of the Snake Pit
 39552 | Snake:4  | Reached XP level 20. HP: 160/160 MP: 0/0
 40612 | Snake:4  | Got a serpentine rune of Zot
 40641 | Snake:4  | Identified the +1 pair of boots of the Trees {rF+ rCorr
                  | Int+4}
 41143 | Elf:1    | Entered Level 1 of the Elven Halls
 41574 | Elf:1    | Reached skill level 20 in Fighting
 42543 | Elf:2    | Reached XP level 21. HP: 169/169 MP: 0/0
 42543 | Elf:2    | Learned a level 7 spell: Storm Form
 42753 | Elf:2    | Found a runed translucent gate.
 42754 | Elf:2    | Found a runed translucent gate.
 42754 | Elf:2    | Found a runed translucent gate.
 42860 | Elf:3    | Entered Level 3 of the Elven Halls
 43156 | Elf:3    | Identified the ring of Fupn {Fly rC+ Will+ Dex-2}
 43309 | Elf:3    | Found a runed translucent gate.
 43309 | Elf:3    | Found a runed translucent gate.
 43311 | Elf:3    | Found a runed translucent gate.
 43315 | Elf:3    | Noticed Ma1vorus's ghost (adept MiBe)
 43463 | Elf:3    | Paralysed by an air elemental for 1 turns
 43508 | Elf:3    | Identified the amulet "Bazxauc" {Contam Harm rN+ Regen+}
 43516 | Elf:3    | Reached skill level 21 in Fighting
 43614 | Elf:3    | Identified the amulet "Osog" {Faith +Inv MP+9 Str+4 Int-4}
 43812 | Elf:3    | Identified the +10 glaive "Ymoujeim" {drain, rF+}
 43849 | Elf:3    | Identified the +3 leather armour of Leaves {rElec Int+2
                  | Slay+3 Stlth+}
 43856 | Elf:3    | Identified the +1 robe of Afiu {Will+ Str+3}
 43870 | Elf:3    | Identified the +6 war axe of Valiance {holy, Will- Int+2
                  | SInv}
 43877 | Elf:3    | Identified the +3 plate armour of Oranamm {*Slow rPois rN+}
 43886 | Elf:3    | Identified the amulet "Omerin" {Faith Harm Drain MP+9}
 44141 | Elf:3    | Paralysed by an air elemental for 1 turns
 44153 | Elf:3    | Killed Ma1vorus's ghost
 44158 | Elf:3    | Gained mutation: You are frail. (-10% HP) [mutagenic glow]
 44173 | Elf:3    | Gained mutation: You are dopey. (Int -2) [mutagenic glow]
 44181 | Elf:3    | Gained mutation: You are clumsy. (Dex -2) [mutagenic glow]
 44189 | Elf:3    | Gained mutation: Your muscles are strong. (Str +2)
                  | [mutagenic glow]
 44210 | Elf:3    | Gained mutation: Your body sometimes deteriorates upon
                  | taking damage. [mutagenic glow]
 44225 | Elf:3    | Gained mutation: You are very clumsy. (Dex -4) [mutagenic
                  | glow]
 44321 | Elf:3    | Lost mutation: You are dopey. (Int -2) [potion of mutation]
 44321 | Elf:3    | Lost mutation: You are very clumsy. (Dex -4) [potion of
                  | mutation]
 44321 | Elf:3    | Gained mutation: You expend health (3 HP) to strengthen
                  | your wands. [potion of mutation]
 44321 | Elf:3    | Lost mutation: You are frail. (-10% HP) [potion of
                  | mutation]
 44424 | Elf:3    | Identified the +0 pair of gloves of Sorcery {rPois rF+
                  | Dex+4}
 44961 | Elf:2    | Reached XP level 22. HP: 164/180 MP: 0/0
 45429 | D:1      | Bought a potion of heal wounds for 50 gold pieces
 45740 | Orc:2    | Bought a potion of heal wounds for 55 gold pieces
 45740 | Orc:2    | Bought a potion of heal wounds for 55 gold pieces
 45907 | Vaults:1 | Entered Level 1 of the Vaults
 45973 | Vaults:1 | Reached skill level 22 in Fighting
 46226 | Vaults:1 | Found Zosesm's Antique Armour Boutique.
 48094 | Vaults:2 | Reached skill level 23 in Fighting
 48696 | Vaults:2 | Reached XP level 23. HP: 191/191 MP: 0/0
 48696 | Vaults:2 | Learned a level 7 spell: Dragon Form
 49104 | Vaults:2 | Found a staircase to the Crypt.
 49114 | Vaults:2 | Reached skill level 24 in Fighting
 49383 | Vaults:2 | Identified the +1 robe of Repulsion {rElec rF- Regen+ MP+9}
 50188 | Vaults:3 | Identified the +7 dagger of Gravity {protect, Fragile
                  | Dex+4}
 50554 | Vaults:3 | Found Pekh's Weapon Emporium.
 52171 | Vaults:4 | Reached XP level 24. HP: 201/201 MP: 0/0
 52343 | Vaults:4 | Found Xoh Nehi's Magic Scroll Boutique.
 52991 | Depths:1 | Entered Level 1 of the Depths
 53684 | Depths:1 | Noticed Saint Roka
 53693 | Depths:1 | Killed Saint Roka
 53818 | Depths:1 | Reached skill level 25 in Fighting
 54039 | Depths:1 | Found a one-way gate to the infinite horrors of the Abyss.
 54147 | Depths:1 | Found a gateway to a ziggurat.
 54548 | Depths:1 | Gained mutation: You sometimes lose the ability to read
                  | scrolls when taking damage. [a shining eye]
 54578 | Depths:1 | Found a gateway to Hell.
 55488 | Depths:2 | Noticed an ancient lich
 55502 | Depths:2 | Killed an ancient lich
 55503 | Depths:2 | Reached XP level 25. HP: 185/211 MP: 0/0
 55503 | Depths:2 | Learned a level 8 spell: Ignition
 55505 | Depths:2 | Reached skill level 26 in Fighting
 56077 | Depths:2 | Found Qeorep's Book Shoppe.
 56184 | Depths:2 | Found Lutiqueph's Jewellery Shop.
 56185 | Depths:2 | You are sucked into a shaft and drop 2 floors!
 56274 | Depths:4 | Found Xillif's Weapon Shop.
 56315 | Depths:4 | Found a faded altar of an unknown god.
 56317 | Depths:4 | Found a hazy altar of Hepliaklqana.
 56317 | Depths:4 | Found a faded altar of an unknown god.
 56423 | Depths:4 | Found Isyul's Antique Weapon Shoppe.
 56491 | Depths:4 | Found Qolisal's Armour Emporium.
 57861 | Depths:3 | Found a one-way gate leading to the halls of Pandemonium.
 58259 | Depths:3 | Reached XP level 26. HP: 212/218 MP: 0/0
 58498 | Depths:3 | Identified the +1 ring mail "Hiyb" {Dex+3}
 59454 | Depths:2 | Identified the +6 battleaxe of Wisdom {antimagic, rCorr
                  | Str+3 Int-5}
 59463 | Depths:2 | Identified the +0 robe "Dohenwiv" {Dex+3}
 59752 | Depths:2 | Found Moybieha's Magic Scroll Shoppe.
 59897 | Depths:2 | Found a glowing golden altar of the Shining One.
 60144 | Depths:2 | Found Xaakhoh's Book Shoppe.
 60242 | Depths:2 | Found a runed translucent door.
 60245 | Depths:2 | Found a runed translucent door.
 60334 | Depths:2 | Identified the +0 chain mail "Desaeg" {rC+ rCorr}
 61158 | Depths:3 | Identified the +12 arbalest of Iconoclasm {elec, rC+ rCorr
                  | Dex-4}
 61319 | Depths:5 | Entered Level 5 of the Depths
 61449 | Depths:5 | Found a corrupted altar of Lugonu.
 61958 | Depths:5 | Found a gate to the Realm of Zot.
 62136 | Depths:5 | Reached XP level 27. HP: 203/224 MP: 0/0
 62136 | Depths:5 | Learned a level 9 spell: Polar Vortex
 63265 | Depths:2 | Bought the ring of Mistrust {rElec rF- Will+++ Str-3 Int+6}
                  | for 1619 gold pieces
 63792 | Vaults:5 | Entered Level 5 of the Vaults
 63805 | Vaults:5 | Reached skill level 10 in Armour
 63814 | Vaults:5 | Noticed a dread lich
 63822 | Vaults:5 | Killed a dread lich
 63845 | Vaults:5 | Noticed Bai Suzhen
 63860 | Vaults:4 | Killed Bai Suzhen
 64108 | Vaults:5 | Identified the +0 short sword "Ifid" {vorpal, Dex+6}
 64558 | Vaults:5 | Got a silver rune of Zot
 64591 | Vaults:5 | Reached skill level 1 in Maces & Flails
 64686 | Vaults:5 | Identified the +5 dagger of Elar {protect, +Blink}
 64989 | Vaults:5 | Reached skill level 5 in Shields
 65786 | Slime:1  | Entered Level 1 of the Pits of Slime
 65867 | Slime:2  | Gained mutation: You tend to lose your temper in combat. [a
                  | shining eye]
 65982 | Slime:3  | Gained mutation: Your movements are slightly less
                  | encumbered by armour. (ER -2) [a shining eye]
 66093 | Slime:3  | Noticed Dissolution
 66138 | Slime:2  | Lost mutation: You tend to lose your temper in combat.
                  | [potion of mutation]
 66138 | Slime:2  | Lost mutation: You sometimes lose the ability to read
                  | scrolls when taking damage. [potion of mutation]
 66138 | Slime:2  | Lost mutation: You are clumsy. (Dex -2) [potion of
                  | mutation]
 66138 | Slime:2  | Gained mutation: You are partially covered in iridescent
                  | scales. (AC +2) [potion of mutation]
 66138 | Slime:2  | Lost mutation: You are partially covered in iridescent
                  | scales. (AC +2) [potion of mutation]
 66138 | Slime:2  | Gained mutation: Your muscles are very strong. (Str +4)
                  | [potion of mutation]
 66144 | Slime:3  | Killed Dissolution
 66215 | Slime:5  | Entered Level 5 of the Pits of Slime
 66400 | Slime:5  | Noticed the Royal Jelly
 66406 | Slime:5  | Killed the Royal Jelly
 66407 | Slime:5  | Reached skill level 5 in Maces & Flails
 66636 | Slime:5  | Got a slimy rune of Zot
 66680 | Slime:5  | Identified the amulet "Cabeuw" {Spirit rPois}
 67276 | D:12     | Bought a potion of curing for 39 gold pieces
 67276 | D:12     | Bought a potion of heal wounds for 65 gold pieces
 67276 | D:12     | Bought a potion of brilliance for 52 gold pieces
 67276 | D:12     | Bought a potion of curing for 39 gold pieces
 67515 | D:1      | Bought the +4 moon troll leather armour {Spirit, Regen++
                  | MP+5} for 545 gold pieces
 67515 | D:1      | Found the +4 moon troll leather armour {Spirit, Regen++
                  | MP+5}
 67903 | Snake:2  | Bought a potion of brilliance for 80 gold pieces
 67903 | Snake:2  | Bought a potion of heal wounds for 100 gold pieces
 67903 | Snake:2  | Bought a potion of brilliance for 80 gold pieces
 67903 | Snake:2  | Bought 2 potions of haste for 400 gold pieces
 68214 | D:3      | Bought a potion of heal wounds for 115 gold pieces
 68440 | Orc:2    | Bought the +7 sceptre of Torment {pain, torment} for 2880
                  | gold pieces
 68440 | Orc:2    | Found the +7 sceptre of Torment {pain, torment}
 68761 | Zot:1    | Entered Level 1 of the Realm of Zot
 69694 | Zot:1    | Reached skill level 27 in Fighting
 70124 | Zot:1    | Reached skill level 10 in Shields
 70483 | Zot:2    | Noticed reasonance's ghost (legendary DsFi)
 70485 | Zot:2    | Found a transporter.
 70502 | Zot:2    | Found a transporter.
 71237 | Zot:2    | You are sucked into a shaft and drop 1 floor!
 72379 | Zot:3    | Reached skill level 10 in Maces & Flails
 73551 | Zot:4    | Identified the +11 spear "Bicoal" {chaos, Dex+2}
 74387 | Zot:5    | Entered Level 5 of the Realm of Zot
 75463 | Zot:5    | Noticed an orb of fire
 75465 | Zot:5    | Noticed an orb of fire
 75467 | Zot:5    | Noticed an orb of fire
 75469 | Zot:5    | Noticed a Killer Klown
 75471 | Zot:5    | Gained mutation: Your body often deteriorates upon taking
                  | damage. [an orb of fire]
 75472 | Zot:5    | Noticed a dread lich
 75474 | Zot:5    | Killed an orb of fire
 75474 | Zot:5    | Killed an orb of fire
 75474 | Zot:5    | Killed a Killer Klown
 75474 | Zot:5    | Noticed an ancient lich
 75475 | Zot:5    | Reached skill level 15 in Shields
 75476 | Zot:5    | Noticed an ancient lich
 75478 | Zot:5    | Lost mutation: Your muscles are very strong. (Str +4) [an
                  | orb of fire]
 75479 | Zot:5    | Noticed an ancient lich
 75481 | Zot:5    | Noticed a Killer Klown
 75482 | Zot:5    | Killed an orb of fire
 75483 | Zot:5    | Killed a dread lich
 75484 | Zot:5    | Killed an ancient lich
 75484 | Zot:5    | Noticed an ancient lich
 75489 | Zot:5    | Noticed an ancient lich
 75613 | Zot:5    | Killed an ancient lich
 75624 | Zot:5    | Killed an ancient lich
 75643 | Zot:4    | Killed a Killer Klown
 75672 | Zot:5    | Killed an ancient lich
 75672 | Zot:5    | Killed an ancient lich
 75787 | Zot:5    | Noticed a Killer Klown
 75788 | Zot:5    | Noticed an ancient lich
 75794 | Zot:5    | Killed a Killer Klown
 75795 | Zot:5    | Killed an ancient lich
 75814 | Zot:5    | Noticed a Killer Klown
 75815 | Zot:5    | Noticed an ancient lich
 75823 | Zot:5    | Killed a Killer Klown
 75832 | Zot:5    | Killed an ancient lich
 76173 | Zot:5    | Noticed an ancient lich
 76180 | Zot:5    | Killed an ancient lich
 76555 | Zot:5    | Got the Orb of Zot
 76935 | Depths:2 | Reached skill level 15 in Armour
 76992 | Depths:1 | Reached skill level 15 in Maces & Flails
 77136 | D:15     | Noticed Jytot the pandemonium lord
 77136 | D:15     | Noticed an ancient lich
 77547 | D:$      | Escaped with the Orb!

Illustrated notes

Levels and vault maps discovered:
D:1:      wander_arrival_chamber, layout_basic, serial_shops,
          nicolae_shop_window_shopping
D:2:      layout_basic, serial_rivers, chequers_serial_rivers_large_a,
          chequers_serial_rivers_room_b, chequers_serial_rivers_small_b,
          chequers_serial_rivers_micro_c, chequers_serial_rivers_small_b,
          chequers_serial_rivers_micro_e, uniq_sigmund, uniq_robin
D:3:      minmay_wonky_spiral, layout_loops_corners, lightli_temple_of_fire,
          nicolae_ashenzari_skybound, serial_forest,
          infiniplex_forest_clump_large, infiniplex_forest_corner_1,
          infiniplex_forest_clump_small, infiniplex_forest_join,
          infiniplex_forest_lined_4_way, infiniplex_forest_lined_room_2,
          ebering_ecumenical_altar_petrified, ebering_ghost_rock_garden,
          serial_shops, shop, minmay_misc_feat_encased, uniq_natasha
D:4:      layout_gridville, st_stairs_9, chequers_mini_garden,
          grunt_ministairs_6, hex_tiny, uniq_menkaure, uniq_eustachio
D:5:      layout_cave_pools, elyvilon_altar_3
D:6:      layout_loops_cross, cheibriados_altar_1,
          minmay_temple_entry_statues_pillars, uniq_grinder
D:7:      layout_rooms, fiery_altar_vehumet, grunt_temple_overflow_cloverleaf
D:8:      layout_gridville
D:9:      layout_loops_corners, minmay_lair_entry_grove
D:10:     layout_rooms, hiddenorc1_lemuel, uniq_erica, uniq_erolcha
D:11:     layout_irregular_city, serial_shops, nicolae_shop_behind_doors,
          water_maze_lemuel
D:12:     layout_irregular_city, serial_shops, nicolae_stop_n_shop_2
D:13:     layout_roguey, hellmonk_ghost_happy_afterlife
D:14:     layout_rooms, skrybe_vaults_entry_preservation, serial_bayou,
          serial_bayou_lake_a, serial_bayou_pond_e, serial_bayou_pond_c,
          serial_bayou_crossing, doesnt_xom_only_xom, serial_shops, shop_statue,
          chequers_serial_rivers_micro_d, uniq_kirke
D:15:     grunt_enter_depths_magical_seal, layout_basic,
          portal_ice_cave_entry_pillars_three, minmay_misc_feat_iff,
          kennysheep_crisscross
Lair:1:   layout_roguey, uniq_nergalle
Lair:2:   layout_layer_cave, elwin_shoals_entry_rooms
Lair:3:   layout_cave_shapes, lemuel_fruit_tree, infiniplex_staircase_pool_2
Lair:4:   layout_regular_city, minmay_snake_entry_guardpost_medium
Lair:5:   layout_cave_shapes, pond, uniq_sonja, uniq_urug
Lair:6:   minmay_lair_end_frog_pond, layout_regular_city, slime_altar_1,
          st_stairs_3
Shoals:1: layout_shoals, minmay_shop_mayhem
Shoals:2: layout_shoals, yaktaur_hedge, uniq_ilsuiw
Shoals:3: cheibrodos_shoals_roost, layout_shoals
Shoals:4: shoals_end_grunt_garden, layout_shoals, uniq_roxanne
Snake:1:  layout_cave_shapes, nicolae_shop_sticking_my_neck_out
Snake:2:  layout_basic, minmay_shop_star, uniq_vashnia
Snake:3:  layout_rooms, nicolae_snake_coiling_death
Snake:4:  snake_pit, layout_misc_corridors
Slime:1:  cheibrodos_slime_lost_civilization_3, layout_caves
Slime:2:  layout_caves, nicolae_slime_phagocytosis
Slime:3:  layout_caves, uniq_dissolution
Slime:4:  layout_caves
Slime:5
Orc:1:    layout_caves
Orc:2:    kennysheep_orc_mage_school, layout_diamond_mine
Elf:1:    nicolae_elf_arrival_no_cutting_in_line, layout_loops_corners,
          minmay_elf_annihilation
Elf:2:    nicolae_elf_blades_crystal_corner, layout_rooms
Elf:3:    minmay_elf_hall_quartered_circle, layout_geoelf_castle,
          gammafunk_ghost_tricky_traps, grunt_ministairs_5, st_stairs_7
Vaults:1: hangedman_vaults_corner_blocks, v_misc_28,
          nicolae_vaults_little_squares_5, grunt_vaults_diagonal, v_misc_18,
          hangedman_vaults_maws, vaults_dpeg_doors, v_misc_1,
          nicolae_vaults_little_squares_2, ontoclasm_vaults_loading_screen,
          v_pattern_1, hangedman_vaults_slice, grunt_vaults_hallway_short,
          nicolae_vaults_little_squares_6, layout_vaults_omnibox, serial_shops,
          nicolae_shop_waterfront
Vaults:2: kb_rosetta, vaults_room_fours, v_pattern_5, v_misc_12,
          vaults_room_door_ring, minmay_crypt_entry_simple_round, v_misc_3,
          v_misc_16, v_alt_pattern_4, v_misc_2, vaults_mumra_minichess,
          grunt_vaults_hallway_short, vaults_dpeg_ring, layout_vaults_ring
Vaults:3: v_misc_25, vaults_dpeg_cross, nicolae_vaults_ring_of_whatevers,
          vaults_room_fours, grunt_vaults_focal, ontoclasm_vaults_eye,
          ontoclasm_vaults_loading_screen, dpeg_vaults_monster_box,
          vaults_standard_mumra_lines, nicolae_vaults_rhombus_7,
          vaults_room_semicircle, layout_vaults_quadrants, serial_shops, shop
Vaults:4: hangedman_vaults_nails, v_misc_29, nicolae_vaults_hallways_thing,
          v_rooms_3, vaults_room_pool, v_misc_5, nicolae_vaults_angled_halls,
          ontoclasm_vaults_twist, layout_vaults_chaotic_city, serial_shops, shop
Vaults:5: uniq_bai_suzhen
Depths:1: layout_honeycomb, enter_ziggurat_b, abyss_entry, hellmouth_1,
          corexii_leaking_fountain, hangedman_cracks_in_the_wall,
          serial_bayou_shore_b, serial_bayou_shore_a, grunt_megastairs_2,
          uniq_saint_roka
Depths:2: minmay_the_grid_triangle_9x9_line_8_mashed
          [minmay_the_grid_triangle_9x9_descending_squares,
          minmay_the_grid_triangle_9x9_flanged_cone,
          minmay_the_grid_triangle_9x9_tough_junction,
          minmay_the_grid_triangle_9x9_minimal,
          minmay_the_grid_triangle_9x9_impossible_snake,
          minmay_the_grid_triangle_9x9_swiss_cheese,
          minmay_the_grid_triangle_9x9_thin_v,
          minmay_the_grid_triangle_9x9_prize_top_heavy], layout_gridlike,
          special_room [special_room_morgue], serial_shops,
          nicolae_shop_waterfront, grunt_mini_vestibule, tso_oasis_becter,
          infiniplex_staircase_zigzag_5, minmay_shop_grove
Depths:3: lemuel_traditional_vault, layout_basic, hell_entry, bh_walls_and_bars,
          grunt_pan_entry_spiral, glass_columns_b, nrook_uturn
Depths:4: minmay_connected_boxes_in_corner, layout_cave_pools, serial_shops,
          nicolae_shop_trees, nicolae_take_the_stairs, shop,
          nicolae_hepliaklqana_ecumenical_no_more, abyss_entry,
          hangedman_geh_valley, serial_sigils_hangedman_shear, hex_large
Depths:5: grunt_zot_entry_gee_three, layout_honeycomb,
          chequers_serial_rivers_small_3, abyss_entry_flame_altar, hell_entry
Zot:1:    layout_gridlike
Zot:2:    kennysheep_bubbly, layout_gridlike, gammafunk_ghost_mausoleum,
          bh_zot_ikea_curve
Zot:3:    minmay_elemental_castle, layout_gridlike
Zot:4:    kennysheep_blocky_hall, layout_onion
Zot:5:    layout_basic, lemuel_baited_zot_trap

Skill      XL: |  1  2  3  4  5  6  7  8  9 10 11 12 13 14 15 16 17 18 19 20 21 22 23 24 25 26 27 |
---------------+----------------------------------------------------------------------------------+-----
Fighting       | 1 2 3 4 7 9 11 13 14 15 17 18 19 20 21 23 24 25 26 27 | 27.0
Spellcasting   | 3 4 6 7 9 10 11 12 13 14 15 16 17 18 19 20 21 22 23 26 | 26.3
Shields        | 2 4 15 | 15.0
Armour         | 2 4 5 7 8 15 | 15.4
Evocations     | 2 5 |  5.0
Maces & Flails | 15 | 15.1
Dodging        | |  2.1
Stealth        | |  1.5

Action                   |  1- 3 |  4- 6 |  7- 9 | 10-12 | 13-15 | 16-18 | 19-21 | 22-24 | 25-27 || total
-------------------------+-------+-------+-------+-------+-------+-------+-------+-------+-------++-------
Melee: Rapier            |     8 |     3 |       |       |       |       |       |       |       ||    11
       Staff             |       |       |       |       |     1 |     3 |     2 |       |    21 ||    27
       Unarmed           |       |       |       |       |       |       |    16 |    21 |       ||    37
       Tailslap          |       |       |       |       |       |       |       |     2 |       ||     2
       Bite              |       |       |       |       |       |       |       |     2 |       ||     2
 Fire: Hunting sling     |       |     8 |    21 |    38 |    22 |       |       |       |       ||    89
 Cast: Foxfire           |   105 |    80 |   132 |       |    43 |     2 |    51 |       |       ||   413
       Static Discharge  |       |     6 |       |     1 |       |     1 |       |    12 |    64 ||    84
       Shock             |       |     6 |       |       |       |       |       |     1 |       ||     7
       Searing Ray       |       |       |    10 |    31 |    22 |       |     9 |    11 |     3 ||    86
       Fireball          |       |       |    39 |   123 |   310 |   462 |   373 |   431 |   483 ||  2221
       Vampiric Draining |       |       |     3 |    22 |    27 |       |       |     5 |       ||    57
       Sticky Flame      |       |       |       |     1 |     8 |     8 |     5 |     3 |     1 ||    26
       Lee's Rapid Decon |       |       |       |       |    12 |    12 |    88 |   166 |    71 ||   349
       Monstrous Menager |       |       |       |       |       |    13 |    28 |     5 |    43 ||    89
       Invisibility      |       |       |       |       |       |     3 |     2 |     2 |     1 ||     8
       Malign Gateway    |       |       |       |       |       |       |     8 |     2 |       ||    10
       Ice Form          |       |       |       |       |       |       |     1 |     2 |       ||     3
       Storm Form        |       |       |       |       |       |       |     3 |     1 |       ||     4
       Dragon Form       |       |       |       |       |       |       |       |     1 |       ||     1
       Ignition          |       |       |       |       |       |       |       |       |    82 ||    82
       Polar Vortex      |       |       |       |       |       |       |       |       |   153 ||   153
 Abil: End Transformatio |       |       |       |       |       |       |     2 |     3 |       ||     5
       Blinkbolt         |       |       |       |       |       |       |     1 |     1 |       ||     2
Evoke: Wand              |       |     3 |       |       |       |       |       |       |     4 ||     7
  Use: Scroll            |     1 |     1 |     9 |     9 |     3 |     3 |     7 |     3 |    13 ||    49
       Potion            |     1 |       |     1 |       |       |     7 |     8 |     4 |    25 ||    46
Armor: Robe              |     3 |       |       |       |       |       |       |       |       ||     3
       Animal skin       |       |     2 |     8 |       |       |       |       |       |       ||    10
       Acid dragon scale |       |       |       |    18 |    52 |    34 |       |       |       ||   104
       Chain mail        |       |       |       |       |       |    10 |   152 |   225 |   166 ||   553
       Skin              |       |       |       |       |       |       |     8 |     9 |       ||    17
       Quicksilver drago |       |       |       |       |       |       |       |       |   266 ||   266
Dodge: Dodged            |    14 |     8 |    20 |    33 |    60 |    47 |    73 |   125 |   302 ||   682
Block: Other             |       |       |       |     3 |       |       |       |       |       ||     3
       Reflection        |       |       |       |     2 |       |       |       |    17 |     7 ||    26
       Buckler           |       |       |       |    29 |    34 |    25 |    76 |    98 |   266 ||   528
